 Dungeon Crawl Stone Soup version 0.27-a0-1090-gb115f176c6 (webtiles) character file.

Game seed: 778084939473225885

4421 karkarkar the Thaumaturge (level 10, 0/51 HPs)
             Began as a Deep Elf Conjurer on Apr 27, 2021.
             Was a Follower of Makhleb.
             Slain by a killer bee (7 damage)
             ... on level 9 of the Dungeon.
             The game lasted 01:45:02 (10254 turns).

karkarkar the Thaumaturge (Deep Elf Conjurer)      Turns: 10254, Time: 01:45:05

Health: 0/51       AC:  8    Str:  4    XL:     10   Next: 14%
Magic:  2/27       EV: 12    Int: 26    God:    Makhleb [*.....]
Gold:   527        SH:  5    Dex: 14    Spells: 18/32 levels left

rFire    . . .     SeeInvis .   z - +2 whip (drain)
rCold    . . .     Faith    .   (no shield)
rNeg     + . .     Spirit   .   C - +0 acid dragon scales
rPois    .         Reflect  +   e - +0 helmet
rElec    .         Harm     .   (no cloak)
rCorr    +         Rampage  .   (no gloves)
Will     +....                  n - +0 pair of boots
Stlth    +++.......             i - amulet of reflection
HPRegen  0.17/turn              p - ring of positive energy
MPRegen  0.20/turn              (no ring)

@: brilliant, lethally poisoned (0 -> -1), hasted, very quick
A: subdued magic 1
a: Renounce Religion


You were on level 9 of the Dungeon.
You worshipped Makhleb.
Makhleb was aware of your devotion.
You visited 2 branches of the dungeon, and saw 11 of its levels.

You collected 527 gold pieces.

Inventory:

Hand Weapons
 y - a +3 whip
 z - a +2 whip of draining (weapon)
Missiles
 c - 69 poisoned darts
Armour
 a - a +0 robe
 e - a +0 helmet (worn)
 n - a +0 pair of boots (worn)
 C - +0 acid dragon scales (worn)
 G - +0 steam dragon scales
Jewellery
 i - an amulet of reflection (around neck)
 p - a ring of positive energy (left hand)
 B - a ring of ice
 D - a ring of fire
Wands
 d - a wand of polymorph (6)
 l - a wand of paralysis (15)
 q - a wand of charming (7)
Scrolls
 b - a scroll of vulnerability
 h - 3 scrolls of amnesia
 j - a scroll of enchant weapon
 s - a scroll of noise
 u - a scroll of magic mapping
 v - 3 scrolls of teleportation
 w - a scroll of fog
 A - a scroll of enchant armour
 F - a scroll of immolation
Potions
 f - a potion of might
 g - a potion of brilliance
 m - 2 potions of degeneration
 t - a potion of attraction


   Skills:
 - Level 0.3 Fighting
 + Level 5.7 Dodging
 + Level 5.6 Stealth
 - Level 1.3 Shields
 + Level 11.7 Spellcasting
 - Level 10.0 Conjurations
 * Level 4.5 Hexes
 + Level 3.2 Translocations
 + Level 3.1 Evocations


You had 18 spell levels left.
You knew the following spells:

 Your Spells              Type           Power      Damage    Failure   Level
a - Magic Dart            Conj           100%       1d8       1%          1
b - Searing Ray           Conj           100%       3d7       1%          2
c - Dazzling Flash        Conj/Hex       100%       N/A       1%          3
d - Fulminant Prism       Conj/Hex       28%        3d14      3%          4
e - Iskenderun's Mystic   Conj/Tloc      55%        2d12      4%          4

Your spell library contained the following spells:

 Spells                   Type           Power      Damage    Failure   Level
 Apportation              Tloc           74%        N/A       1%          1
 Corona                   Hex            50%        N/A       1%          1
 Confusing Touch          Hex            45%        N/A       3%          3
 Gell's Gravitas          Tloc           18%        N/A       6%          3
 Animate Skeleton         Necr           34%        N/A       8%          1
 Pain                     Necr           68%        1d7       8%          1
 Summon Small Mammal      Summ           68%        N/A       8%          1
 Vampiric Draining        Necr           8%         2d7       24%         3
 Animate Dead             Necr           8%         N/A       63%         4
 Petrify                  Tmut/Erth      17%        N/A       63%         4
 Metabolic Englaciation   Hex/Ice        15%        N/A       67%         5
 Yara's Violent Unravell  Hex/Tmut       15%        3d8       67%         5
 Agony                    Necr           17%        N/A       93%         5


Dungeon Overview and Level Annotations

Branches:
Dungeon (10/15)            Temple (1/1) D:7
   Lair: D:8-11         Orc: D:9-12

Altars:
Ashenzari
Cheibriados
Dithmenos
Elyvilon
Fedhas
Gozag
Hepliaklqana
Kikubaaqudgha
Makhleb
Nemelex Xobeh
Okawaru
Qazlal
Ru
Sif Muna
Trog
Wu Jian
Yredelemnul
Zin
The Shining One

Shops:
D:7 *

Annotations:
D:5 Edmund
D:10 ArcanElement's ghost, journeyman HuFi


Innate Abilities, Weirdness & Mutations

Your spells are a little easier to cast, but a little less powerful.


Message History

Casting: Searing Ray (safe; 1% risk of failure)
Confirm with . or Enter, or press ? or * to list all spells.
Aiming: Searing Ray (safe; 1% risk of failure)
Press: ? - help, Shift-Dir - straight line, f/p - killer bee
Aim: a killer bee (almost dead, 65% to hit)
You feel a surge of power!
The searing ray hits the killer bee!
You kill the killer bee!
Makhleb accepts your kill.
The searing ray hits the killer bee!
You kill the killer bee!
Makhleb accepts your kill.
The searing ray hits the killer bee!
You kill the killer bee!
Makhleb accepts your kill.
The searing ray hits the killer bee!
You kill the killer bee!
Makhleb accepts your kill.
You feel better. (Press . to maintain the ray.)
You feel sick.
You feel sick.
You feel sick.
You are too injured to fight recklessly!
Casting: Searing Ray (safe; 1% risk of failure)
Confirm with . or Enter, or press ? or * to list all spells.
Aiming: Searing Ray (safe; 1% risk of failure)
Press: ? - help, Shift-Dir - straight line, f - killer bee
Aim: a killer bee (65% to hit)
You feel a surge of power!
The searing ray hits the killer bee!
The killer bee is heavily wounded.
The searing ray hits the killer bee!
The killer bee is severely wounded. (Press . to maintain the ray.)
The searing ray hits the killer bee.
The killer bee is almost dead.
The searing ray hits the killer bee!
You kill the killer bee!
Makhleb accepts your kill.
You feel sick. The killer bee stings you!
You die...

#......# #.#
#..###.# #.#
#.. #.#
#####.#
##^###.#
#.....#
#.....#
#.#####
###.#.# #.#
#.#.### #.#
#.....# ####
###@#.#!!
#y#.#y #†#yy
#†#y#. #†#.#
#.#.##########
#†...........#
###.......####
#########


You could see a killer bee.

Vanquished Creatures
  A two-headed ogre (D:7)
  A steam dragon (D:8)
  A black bear (D:7)
  A necrophage (D:4)
  2 sky beasts (D:6)
  6 ogres
  A phantom (D:7)
  A kobold brigand (D:8)
  3 bullfrogs
  6 scorpions
  17 killer bees
  3 howler monkeys (D:7)
  8 crimson imps (D:7)
  A bullfrog zombie (D:6)
  A centaur zombie (D:6)
  2 jellies
  2 orc priests (D:7)
  A gnoll shaman (D:9)
  6 hounds
  A bullfrog skeleton (D:7)
  2 iguanas (D:6)
  7 orc wizards
  A scorpion zombie (D:5)
  A hound zombie (D:5)
  A hound skeleton (D:4)
  4 adders
  9 gnolls
  A shadow imp (D:6)
  5 white imps
  An ufetubus (D:5)
  A worm (D:3)
  4 dart slugs
  19 orcs
  5 endoplasms
  6 giant cockroaches
  8 goblins
  4 hobgoblins
  4 jackals (D:1)
  16 kobolds
  2 quokkas
  6 ball pythons
  5 bats
  A frilled lizard (D:3)
  7 rats
185 creatures vanquished.

Vanquished Creatures (others)
  A fulminant prism (D:7)
1 creature vanquished.

Grand Total: 186 creatures vanquished

Notes
Turn   | Place    | Note
-------+----------+-------------------------------------------
     0 | D:1      | karkarkar the Deep Elf Conjurer began the quest for the
                  | Orb.
     0 | D:1      | Reached XP level 1. HP: 10/10 MP: 6/6
   185 | D:1      | Reached XP level 2. HP: 15/15 MP: 5/8
   216 | D:1      | Learned a level 2 spell: Searing Ray
   506 | D:1      | Reached skill level 5 in Conjurations
   680 | D:1      | Reached XP level 3. HP: 17/19 MP: 4/9
  1875 | D:2      | Reached skill level 4 in Spellcasting
  1954 | D:2      | Reached XP level 4. HP: 24/24 MP: 10/12
  2736 | D:3      | Learned a level 3 spell: Dazzling Flash
  3044 | D:4      | Noticed an ogre
  3166 | D:4      | Noticed a necrophage
  3166 | D:4      | You fall into a shaft and drop 2 floors!
  3166 | D:6      | Noticed an ogre
  3173 | D:6      | Noticed an ogre
  3177 | D:6      | Killed an ogre
  3178 | D:6      | Reached skill level 5 in Spellcasting
  3178 | D:6      | Reached XP level 5. HP: 20/28 MP: 5/14
  3210 | D:5      | Entered Level 5 of the Dungeon
  3218 | D:5      | Reached XP level 6. HP: 22/32 MP: 1/16
  3453 | D:4      | Reached skill level 6 in Spellcasting
  3815 | D:4      | Found an iron altar of Okawaru.
  3982 | D:4      | Reached XP level 7. HP: 36/36 MP: 14/18
  4640 | D:5      | Noticed Edmund
  4686 | D:5      | Reached skill level 7 in Spellcasting
  4985 | D:6      | Upgraded the game from 0.27-a0-1084-g78b3836a5f to
                  | 0.27-a0-1090-gb115f176c6
  5158 | D:6      | Learned a level 4 spell: Fulminant Prism
  5209 | D:6      | Found a sacrificial altar of Ru.
  5259 | D:6      | Reached skill level 8 in Spellcasting
  5259 | D:6      | Reached XP level 8. HP: 41/41 MP: 12/22
  5366 | D:6      | Learned a level 4 spell: Iskenderun's Mystic Blast
  5654 | D:6      | Reached skill level 9 in Spellcasting
  6378 | D:7      | Reached skill level 1 in Shields
  6386 | D:7      | Reached skill level 10 in Spellcasting
  6507 | D:7      | Reached XP level 9. HP: 46/46 MP: 20/25
  6900 | D:7      | Reached skill level 11 in Spellcasting
  7204 | D:7      | Found a staircase to the Ecumenical Temple.
  7227 | Temple   | Entered the Ecumenical Temple
  7608 | D:7      | Reached skill level 10 in Conjurations
  7702 | D:7      | Found Wuquz's Whimsical Warehouse.
  7879 | D:7      | Found a sparkling altar of Nemelex Xobeh.
  7879 | D:7      | Found an opulent altar of Gozag.
  8113 | Temple   | Became a worshipper of Makhleb the Destroyer
  8285 | D:8      | Noticed a two-headed ogre
  8305 | D:8      | Found a bloodstained altar of Trog.
  8347 | D:8      | Reached skill level 1 in Translocations
  8347 | D:8      | Reached skill level 1 in Evocations
  8866 | D:8      | Reached skill level 1 in Hexes
  9029 | D:8      | Found a hazy altar of Hepliaklqana.
  9232 | D:7      | Killed a two-headed ogre
  9233 | D:7      | Reached skill level 5 in Dodging
  9233 | D:7      | Reached skill level 5 in Stealth
  9720 | D:9      | Gained mutation: You are dopey. (Int -2) [potion of
                  | mutation]
  9720 | D:9      | Gained mutation: Your spells are a little easier to cast,
                  | but a little less powerful. [potion of mutation]
  9720 | D:9      | Lost mutation: You are dopey. (Int -2) [potion of mutation]
  9774 | D:10     | Entered Level 10 of the Dungeon
  9781 | D:10     | Noticed a boulder beetle
  9781 | D:10     | Noticed ArcanElement's ghost (journeyman HuFi)
  9782 | D:10     | Noticed a two-headed ogre
  9784 | D:10     | Noticed a deep elf pyromancer
 10224 | D:9      | Reached XP level 10. HP: 39/51 MP: 18/27
 10231 | D:9      | Reached * piety under Makhleb
 10254 | D:9      | Slain by a killer bee

Illustrated notes

Levels and vault maps discovered:
D:1:      minmay_arrival_open_corners, layout_basic, grunt_decor_junction
D:2:      layout_basic
D:3:      layout_loops_ring, minmay_between
D:4:      layout_basic, general_overflow_altar
D:5:      layout_loops_ring, uniq_edmund
D:6:      minmay_angry_zag, layout_rooms, kennysheep_mini_moat,
          corexii_item_surrounded_by_moat, serial_park_tiny_pond, minivault_19
D:7:      layout_gridville, grunt_temple_overflow_opulence, temple_statues,
          minivault_19, nicolae_alphabet_shops, minmay_nine_imps
D:8:      layout_loops_ring, nicolae_overflow_crystal_walls, marbit_many_paths
D:9:      layout_loops_ring, david_lair_generic, special_room
          [special_room_bee], serial_shops, shop, shop, shop, uniq_harold,
          uniq_maggie, uniq_pikel
D:10:     layout_cave_pools, amcnicky_altar_gilded, lemuel_doored_altar,
          vehumet_crystals, gammafunk_ghost_split, kennysheep_cross_bottleneck,
          grunt_ogre_cave, nicolae_sextant
Temple:   dshaligram_water_room_temple

Skill      XL: |  1  2  3  4  5  6  7  8  9 10 |
---------------+-------------------------------+-----
Conjurations   | 5 6 7 8 9 10 | 10.0
Stealth        | 3 5 |  5.6
Spellcasting   | 4 5 6 8 10 11 | 11.7
Dodging        | 3 4 5 |  5.7
Shields        | 1 |  1.3
Translocations | 2 3 |  3.2
Evocations     | 2 3 |  3.1
Hexes          | 3 4 |  4.5
Fighting       | |  0.3

Action                   |  1- 3 |  4- 6 |  7- 9 | 10-12 || total
-------------------------+-------+-------+-------+-------++-------
Melee: Whip              |       |       |     3 |       ||     3
 Cast: Magic Dart        |    80 |    35 |    73 |       ||   188
       Searing Ray       |     3 |    11 |   103 |    10 ||   127
       Dazzling Flash    |       |     1 |     1 |       ||     2
       Fulminant Prism   |       |       |     1 |       ||     1
Evoke: Wand              |       |       |     2 |       ||     2
  Use: Potion            |     1 |     2 |    10 |     4 ||    17
       Scroll            |       |       |    17 |       ||    17
Armor: Robe              |     2 |     5 |     1 |       ||     8
       Acid dragon scale |       |       |    21 |     5 ||    26
Dodge: Dodged            |     6 |    13 |    39 |    23 ||    81
Block: Other             |     1 |     5 |    15 |     8 ||    29
       Reflection        |     1 |       |     2 |       ||     3

Table legend: (Time is in decaauts)
 A = Elapsed time spent in this place.
 B = Non-inter-level travel time spent in this place.
 C = Inter-level travel time spent in this place.
 D = Time resting spent in this place.
 E = Time spent auto-exploring this place.
 F = Levels seen in this place.
 G = Mean time per level.
                   A        B        C        D        E       F      G
               +--------+--------+--------+--------+--------+-----+--------+
         Total |  10239 |  10003 |    236 |    535 |   4311 |  11 |  930.8 |
       Dungeon |   9939 |   9706 |    233 |    535 |   4311 |  10 |  993.9 |
        Temple |    299 |    296 |      3 |      0 |      0 |   1 |  299.0 |
               +--------+--------+--------+--------+--------+-----+--------+

Top non-repeatable levels by time:
     D:7: 1866 daAuts
     D:8: 1347 daAuts
     D:1: 1237 daAuts
     D:4: 1137 daAuts
     D:6: 1122 daAuts
     D:5: 1121 daAuts
     D:2: 812 daAuts
     D:3: 756 daAuts
     D:9: 517 daAuts
  Temple: 299 daAuts
    D:10: 21 daAuts
